 Dungeon Crawl Stone Soup version 0.31-a0-986-g5e6e4ef867 (webtiles) character file.

Game seed: 5517864797040879275

17111 wildpjah the Impaler (level 12, -34/95 HPs)
             Began as a Merfolk Gladiator on Nov 20, 2023.
             Was a High Priest of Okawaru.
             Annihilated by an enormous slime creature (71 damage)
             ... on level 12 of the Dungeon.
             The game lasted 00:23:43 (11226 turns).

wildpjah the Impaler (Merfolk Gladiator)           Turns: 11226, Time: 00:23:45

Health: -34/95     AC: 11    Str: 22    XL:     12   Next: 44%
Magic:  13/13      EV: 19    Int:  7    God:    Okawaru [*****.]
Gold:   737        SH:  0    Dex: 19    Spells: 11/11 levels left

rFire   . . .        C - +6 trident (freeze)
rCold   . . .        (no shield)
rNeg    + . .        r - +1 ring mail {rN+}
rPois   .            c - +0 helmet
rElec   .            (no cloak)
rCorr   .            P - +0 pair of gloves
SInv    .            y - +0 pair of boots
Will    .....        w - amulet of the acrobat
Stlth   +++          u - +6 ring of strength
HPRegen 0.35/turn    T - ring of flight
MPRegen 0.13/turn

%: acrobat
@: mighty, flying, invisible
A: (nimble swimmer 2), mertail
a: Renounce Religion, Heroism, Finesse, Duel


You were on level 12 of the Dungeon.
You worshipped Okawaru.
Okawaru was extremely pleased with you.
You visited 3 branches of the dungeon, and saw 14 of its levels.
You also visited: Ossuary.

You collected 737 gold pieces.

Inventory:

Hand Weapons
 a - a +0 trident
 C - a +6 trident of freezing (weapon)
 L - a +3 trident of draining
 N - a +2 spear
Missiles
 d - a throwing net
 E - 7 silver javelins
 H - 4 javelins (quivered)
 S - a curare-tipped dart
Armour
 b - a +0 leather armour
 c - a +0 helmet (worn)
 r - a +1 ring mail of positive energy (worn)
 y - a +0 pair of boots (worn)
 J - +0 steam dragon scales
 M - +0 acid dragon scales
 P - a +0 pair of gloves (worn)
Jewellery
 u - a +6 ring of strength (left hand)
 v - an amulet of magic regeneration
 w - an amulet of the acrobat (around neck)
 T - a ring of flight (right hand)
Wands
 I - a wand of flame (18)
 K - a wand of light (6)
 Q - a wand of mindburst (4)
 U - a wand of roots (6)
Scrolls
 e - 10 scrolls of identify
 f - 4 scrolls of fear {unknown}
 j - 2 scrolls of amnesia {unknown}
 o - 4 scrolls of enchant armour {unknown}
 p - 2 scrolls of torment
 q - 3 scrolls of fog {unknown}
 s - 5 scrolls of teleportation {unknown}
 t - a scroll of silence {unknown}
 x - 2 scrolls of vulnerability {unknown}
 z - 2 scrolls of poison {unknown}
Potions
 h - 3 potions of attraction {unknown}
 i - a potion of brilliance {unknown}
 k - 4 potions of resistance
 l - 2 potions of enlightenment
 m - 5 potions of haste
 n - 3 potions of might
 A - 3 potions of cancellation {unknown}
 B - 4 potions of heal wounds {unknown}
 D - a potion of mutation {unknown}
 F - 4 potions of curing
 G - a potion of ambrosia {unknown}
 O - 2 potions of lignification {unknown}
 R - 2 potions of degeneration {unknown}


   Skills:
 + Level 9.2 Fighting
 + Level 1.0 Maces & Flails
 + Level 15.4 Polearms
 + Level 3.0 Throwing
 + Level 6.2 Armour
 * Level 12.3 Dodging
 + Level 7.5 Stealth
 + Level 2.3 Invocations
 + Level 1.2 Evocations


You had 11 spell levels left.
You didn't know any spells.
Your spell library contained the following spells:

 Spells                   Type           Power      Damage    Failure   Level
 Foxfire                  Conj/Fire      0%         2x1d4     56%         1
 Kiss of Death            Conj/Necr      0%         2d5       56%         1
 Shock                    Conj/Air       0%         1d3       56%         1
 Slow                     Hex            0%         N/A       56%         1
 Blink                    Tloc           0%         N/A       71%         2
 Cigotuvi's Dreadful Rot  Necr/Pois/Air  0%         N/A       71%         2
 Lesser Beckoning         Tloc           0%         N/A       71%         2
 Momentum Strike          Conj/Tloc      0%         3d8       71%         2
 Scorch                   Fire           0%         2d5       71%         2
 Confusing Touch          Hex            0%         N/A       91%         3
 Frozen Ramparts          Ice            0%         1d1       91%         3
 Inner Flame              Hex/Fire       0%         N/A       91%         3
 Sigil of Binding         Hex            0%         N/A       91%         3
 Swiftness                Air            0%         N/A       91%         3
 Vampiric Draining        Necr           0%         2d6       91%         3
 Airstrike                Air            0%         2d(0-16)  100%        4
 Dimensional Bullseye     Hex/Tloc       0%         N/A       100%        4
 Dispel Undead            Necr           0%         3d6       100%        4
 Flame Wave               Conj/Fire      0%         2d4       100%        4
 Iskenderun's Mystic Bla  Conj/Tloc      0%         2d3       100%        4
 Petrify                  Tmut/Erth      0%         N/A       100%        4
 Sticky Flame             Conj/Fire      0%         2d3       100%        4
 Borgnjor's Vile Clutch   Necr/Erth      0%         N/A       100%        5
 Freezing Cloud           Conj/Ice/Air   0%         6-21      100%        5
 Metabolic Englaciation   Hex/Ice        0%         N/A       100%        5
 Plasma Beam              Fire/Air       0%         2x1d10    100%        6
 Starburst                Conj/Fire      0%         6d3       100%        6
 Tukima's Dance           Hex            Unusable   N/A       N/A         3
 Animate Dead             Necr           Unusable   N/A       N/A         4
 Death Channel            Necr           Unusable   N/A       N/A         6
 Simulacrum               Ice/Necr       Unusable   N/A       N/A         6
 Summon Cactus Giant      Summ           Unusable   N/A       N/A         6

Dungeon Overview and Level Annotations

Branches:
Dungeon (12/15)            Temple (1/1) D:4            Lair (0/5) D:9
    Orc (1/2) D:10        Ossuary (visited)

Altars:
Ashenzari
Cheibriados
Dithmenos
Elyvilon
Fedhas
Gozag
Hepliaklqana
Kikubaaqudgha
Makhleb
Nemelex Xobeh
Okawaru
Qazlal
Ru
Sif Muna
Trog
Uskayaw
Vehumet
Wu Jian
Xom
Yredelemnul
Zin
The Shining One


Innate Abilities, Weirdness & Mutations

((You are very nimble when in or above water. (Stealth+, EV+, Speed+++)))
Your lower body shifts to a powerful aquatic tail in water.


Message History

Press: ? - help, Dir - move target, f - large slime creature
Aim: a large slime creature (unable to see you, about 12% to evade your +6 trident of freezing)
You reach to attack!
You catch the helpless large slime creature completely off-guard!
You puncture the large slime creature! You freeze the large slime creature.
The large slime creature is lightly wounded.
Reach: C) +6 trident (freeze)
Press: ? - help, Dir - move target, f/p - large slime creature
Aim: a large slime creature (lightly wounded, unable to see you, about 12% to evade your +6 trident of freezing)
You reach to attack!
You puncture the large slime creature! You freeze the large slime creature.
The large slime creature is moderately wounded.
The sentinel's mark upon you fades away.
Reach: C) +6 trident (freeze)
Press: ? - help, Dir - move target, f/p - large slime creature
Aim: a large slime creature (moderately wounded, wandering, unable to see you, hasn't noticed you, about 12% to evade your +6 trident of freezing)
You reach to attack!
You puncture the large slime creature! You freeze the large slime creature.
The large slime creature quivers.
The large slime creature is heavily wounded.
Reach: C) +6 trident (freeze)
Press: ? - help, Dir - move target, f - you, p - large slime creature
Okay, then.
An eight-headed hydra comes into view.
The enormous slime creature quivers.
The large slime creature quivers.
You puncture the enormous slime creature!
You freeze the enormous slime creature.
The enormous slime creature is lightly wounded.
The eight-headed hydra roars!
You impale the enormous slime creature!!
You freeze the enormous slime creature!
The enormous slime creature is lightly wounded.
The enormous slime creature closely misses you.
You strike the helpless enormous slime creature from behind!
You impale the enormous slime creature!!
You freeze the enormous slime creature!
The enormous slime creature is moderately wounded.
The enormous slime creature hits you!!!
Ouch! That really hurt!
You die...

*****,*,,,*,....*,,,,,*
**,
,,,**,*,,,,,...,**,****
*,,
**,**,*,,***#JJ,,,,,*
**,* *,**,*,,,*
#J#***,,* ***,,,
*,*,,,,,,* #.# *,^****
**,,*** *,,,,,**,*
#.####,,,,,* *,,,*,*
****,***,* #..JD#,,**,*
*,,*,*, *,,,,,*
####J#,,,,,** *,,,*,*
*******
#(##@#,**,,,***,,,***
#....#,***,,,,,,*,,,,
####.####,***,***,,*****
#....# *,*,,,,,,,<,,**
##.######*,*,**,***,,,,*
#.......#*,,,**,*
***,,**
#.....#.##*****,* **,,,
#.#......# *,* *,*,
#........#*****,* *,**


You could see an eight-headed hydra (wandering, unable to see you), an enormous
slime creature (unable to see you) and a large slime creature (wandering, unable
to see you).

Vanquished Creatures
  3 slime creatures (D:12)
  A hydra (D:7)
  A two-headed ogre (D:9)
  An ugly thing (D:11)
  A cyclops (D:11)
  A manticore (D:11)
  Maurice (D:8)
  Joseph (D:7)
  2 gargoyles
  Maggie (D:7)
  Jeremiah (D:7)
  4 trolls
  2 hornets
  Sigmund (D:3)
  A shadow (D:7)
  A vampire (D:11)
  19 yaks
  4 wyverns
  Grum (D:8)
  Menkaure (D:5)
  A steam dragon (D:7)
  2 wargs (D:10)
  4 water moccasins
  Duvessa (D:6)
  An acid dragon (D:8)
  3 sky beasts
  6 orc warriors
  A meliai simulacrum (D:10)
  3 ice beasts
  3 wolves
  3 ogres
  11 centaurs
  4 phantoms
  5 kobold brigands
  2 bullfrogs
  3 scorpions
  11 wights
  Dowan (D:6)
  2 troll zombies (Ossuary)
  9 killer bees
  3 howler monkeys (D:8)
  2 electric eels
  2 centaur zombies (Ossuary)
  3 hounds
  A jelly (D:7)
  2 orc priests
  A sleepcap (D:5)
  3 iguanas
  Natasha (thrice) (D:4)
  9 orc wizards
  An ogre zombie (Ossuary)
  7 mummies (Ossuary)
  A gnoll (D:6)
  6 adders
  A shadow imp (D:5)
  2 white imps
  5 ufetubi
  6 adder zombies (Ossuary)
  2 dart slugs (D:4)
  30 orcs
  10 endoplasms
  3 giant cockroaches
  A gnoll zombie (Ossuary)
  10 goblins
  7 hobgoblins
  5 jackals
  31 kobolds
  4 quokkas
  7 ball pythons
  8 bats
  A frilled lizard (D:2)
  3 goblin zombies (Ossuary)
  5 hobgoblin zombies (Ossuary)
  6 kobold zombies (Ossuary)
  A quokka zombie (Ossuary)
  10 rats
  3 rat zombies (Ossuary)
329 creatures vanquished.

Vanquished Creatures (others)
  A human (D:9)
  An orc wizard (D:9)
  2 orcs (D:9)
4 creatures vanquished.

Grand Total: 333 creatures vanquished

Notes
Turn   | Place    | Note
-------+----------+-------------------------------------------
     0 | D:1      | wildpjah the Merfolk Gladiator began the quest for the Orb.
     0 | D:1      | Reached XP level 1. HP: 16/16 MP: 1/1
   111 | D:1      | Reached XP level 2. HP: 23/23 MP: 2/2
   315 | D:1      | Reached XP level 3. HP: 28/28 MP: 3/3
   549 | D:1      | Reached skill level 1 in Stealth
   806 | D:2      | Reached skill level 5 in Polearms
   900 | D:2      | Reached XP level 4. HP: 24/34 MP: 4/4
  1427 | D:3      | Noticed Sigmund
  1437 | D:3      | Killed Sigmund
  1438 | D:3      | Reached skill level 6 in Polearms
  1438 | D:3      | Reached skill level 1 in Armour
  1438 | D:3      | Reached XP level 5. HP: 41/41 MP: 5/5
  1438 | D:3      | Reached XP level 6. HP: 47/47 MP: 6/6
  2078 | D:4      | Identified the "Ycyiz"
  2086 | D:4      | Reached skill level 7 in Polearms
  2110 | D:4      | Noticed Natasha
  2119 | D:4      | Killed Natasha
  2154 | D:4      | Noticed Natasha
  2158 | D:4      | Killed Natasha
  2159 | D:4      | Reached skill level 1 in Maces & Flails
  2255 | D:4      | Noticed Natasha
  2260 | D:4      | Killed Natasha
  2449 | D:4      | Reached XP level 7. HP: 45/52 MP: 7/7
  2562 | D:4      | Found a staircase to the Ecumenical Temple.
  2606 | Temple   | Entered the Ecumenical Temple
  2620 | Temple   | Became a worshipper of Warmaster Okawaru
  2670 | D:4      | Reached skill level 8 in Polearms
  2739 | D:4      | Found a sacrificial altar of Ru.
  2768 | D:5      | Entered Level 5 of the Dungeon
  2768 | D:5      | Noticed Menkaure
  2771 | D:5      | Noticed a rust devil
  2898 | D:5      | Reached skill level 5 in Dodging
  2913 | D:5      | HP: 2/54 [orc/+0 club (1)]
  2915 | D:5      | Reached * piety under Okawaru
  2916 | D:5      | Reached skill level 9 in Polearms
  2916 | D:5      | Reached XP level 8. HP: 10/60 MP: 8/8
  3113 | D:5      | Killed Menkaure
  3408 | D:5      | Reached skill level 10 in Polearms
  3517 | D:5      | Reached ** piety under Okawaru
  3582 | D:5      | Identified the +0 halberd of Indomitability {drain, Fly
                  | rPois Int+3}
  3587 | D:5      | Noticed a rust devil
  3930 | D:6      | Reached XP level 9. HP: 57/66 MP: 9/9
  4153 | D:6      | Reached skill level 11 in Polearms
  4175 | D:6      | Found a sand-covered staircase.
  4185 | Ossuary  | Entered an ossuary
  4212 | Ossuary  | Reached skill level 5 in Fighting
  4895 | D:6      | Reached *** piety under Okawaru
  5343 | D:6      | Reached skill level 5 in Stealth
  5371 | D:6      | Noticed Dowan
  5372 | D:6      | Noticed Duvessa
  5378 | D:6      | Killed Dowan
  5386 | D:6      | Killed Duvessa
  5797 | D:7      | Reached skill level 12 in Polearms
  5889 | D:7      | Reached XP level 10. HP: 76/76 MP: 10/10
  6022 | D:7      | Reached **** piety under Okawaru
  6130 | D:7      | Noticed Jeremiah
  6146 | D:7      | Killed Jeremiah
  6295 | D:7      | Noticed a four-headed hydra
  6295 | D:7      | Noticed Maggie
  6337 | D:7      | Killed a four-headed hydra
  6346 | D:7      | Killed Maggie
  6491 | D:7      | Found the +1 robe of Vines {NoPotionHeal Regen++++}
  6516 | D:7      | Reached skill level 13 in Polearms
  6516 | D:7      | Reached skill level 1 in Invocations
  6702 | D:7      | Found a shimmering altar of Xom.
  6734 | D:7      | Noticed Joseph
  6746 | D:7      | Killed Joseph
  6746 | D:7      | Reached ***** piety under Okawaru
  6747 | D:7      | Reached skill level 1 in Evocations
  7074 | D:8      | Noticed Maurice
  7370 | D:8      | Killed Maurice
  7371 | D:8      | Reached skill level 5 in Armour
  7387 | D:8      | Reached XP level 11. HP: 83/83 MP: 12/12
  7674 | D:8      | Noticed Grum
  7692 | D:8      | Killed Grum
  8147 | D:9      | Noticed a two-headed ogre
  8160 | D:9      | Killed a two-headed ogre
  8161 | D:9      | Reached skill level 14 in Polearms
  8236 | D:9      | Found a hide-covered altar of Uskayaw.
  8372 | D:9      | Reached skill level 10 in Dodging
  8517 | D:9      | Found a staircase to the Lair.
  8699 | D:9      | Received a gift from Okawaru
  8766 | D:9      | Found a glowing golden altar of the Shining One.
  8772 | D:9      | Found a basalt altar of Yredelemnul.
  8774 | D:9      | Noticed a profane servitor
  8824 | D:9      | Found an ancient bone altar of Kikubaaqudgha.
  8993 | D:9      | Noticed an angel
  9037 | D:10     | Entered Level 10 of the Dungeon
  9043 | D:10     | Found a staircase to the Orcish Mines.
  9622 | D:10     | Found a burning altar of Makhleb.
  9897 | D:10     | Received a gift from Okawaru
  9923 | D:10     | Found a bloodstained altar of Trog.
 10067 | D:10     | Found a glowing silver altar of Zin.
 10197 | D:10     | Found a radiant altar of Vehumet.
 10248 | Orc:1    | Entered Level 1 of the Orcish Mines
 10248 | Orc:1    | Noticed an orc sorcerer
 10316 | D:11     | Noticed a white ugly thing
 10332 | D:11     | Killed a white ugly thing
 10333 | D:11     | Reached skill level 15 in Polearms
 10333 | D:11     | Reached XP level 12. HP: 93/93 MP: 13/13
 11127 | D:12     | Received a gift from Okawaru
 11223 | D:12     | Noticed an eight-headed hydra
 11226 | D:12     | Annihilated by an enormous slime creature

Illustrated notes

Levels and vault maps discovered:
D:1:      tarquinn_simple_flora_water_c, layout_basic, minmay_cut_off
D:2:      layout_rooms, corner_web_ring, dreamdust_princess_corridor
D:3:      layout_basic, minivault_25, item_on_display_a, uniq_sigmund
D:4:      layout_loops_ring, nicolae_ru_path_of_blood,
          minmay_temple_entry_gardened_gates, chequers_decorated_corner,
          uniq_natasha
D:5:      cheibrodos_iron_armory, layout_basic, nicolae_twisty_statue_hallways,
          uniq_menkaure
D:6:      cheibrodos_helix_gallery, layout_cave_pools,
          mainiacjoe_ossuary_entry_dusty_tomb, minmay_misc_feat_cross,
          nicolae_lava_and_water, minmay_checkerbox, uniq_duvessa
D:7:      layout_basic, kennysheep_mini_moat, hex_intersection,
          hellmonk_guarded_unrand_vines, uniq_jeremiah, uniq_maggie, uniq_joseph
D:8:      layout_basic, st_stairs_6, eino_small_chamber_without_monster,
          chequers_serial_rivers_small_a, nicolae_letterblocks
          [nicolae_letter_subblock, nicolae_letter_subblock,
          nicolae_letter_subblock, nicolae_letter_subblock,
          nicolae_letter_subblock, nicolae_letter_subblock,
          nicolae_letter_subblock, nicolae_letter_subblock,
          nicolae_letter_subblock, nicolae_letter_subblock,
          nicolae_letter_subblock, nicolae_letter_subblock,
          nicolae_letter_subblock, nicolae_letter_subblock,
          nicolae_letter_subblock, nicolae_letter_subblock,
          nicolae_letter_subblock, nicolae_letter_subblock,
          nicolae_letter_subblock, nicolae_letter_subblock,
          nicolae_letter_subblock, nicolae_letter_subblock,
          nicolae_letter_subblock, nicolae_letter_subblock,
          nicolae_letter_subblock], uniq_maurice, uniq_grum
D:9:      layout_cave_pools, grunt_temple_overflow_holy_war,
          nicolae_uskayaw_dance_studio, tgw_kikubaaqudgha
D:10:     layout_gridville, nicolae_vehumet_radiance,
          mainiacjoe_overflow_catwalk_spiral,
          mainiacjoe_overflow_surrounded_room, minmay_orc_entry_guard_dogs,
          serial_ice, serial_ice_n, serial_ice_l, serial_ice_b, serial_ice_h
D:11:     layout_loops_cross
D:12:     layout_basic, gauntlet_entry_generic, grunt_decor_one_mirror
Temple:   chequers_temple_sunken
Orc:1:    cheibrodos_orc_bank, layout_diamond_mine, nicolae_orc_crystal_geode,
          uniq_harold

Skill      XL: |  1  2  3  4  5  6  7  8  9 10 11 12 |
---------------+-------------------------------------+-----
Stealth        | 1 2 3 4 5 6 7 |  7.5
Polearms       | 5 6 7 9 10 12 13 15 | 15.4
Fighting       | 3 4 5 6 8 9 |  9.2
Armour         | 1 2 3 4 5 6 |  6.2
Maces & Flails | 1 |  1.0
Dodging        | 5 6 8 9 11 12 | 12.3
Invocations    | 1 2 |  2.3
Evocations     | 1 |  1.2
Throwing       | 3 |  3.0

Action                     |  1- 3 |  4- 6 |  7- 9 | 10-12 || total
---------------------------+-------+-------+-------+-------++-------
  Melee: Trident           |   108 |   112 |   338 |   569 ||  1127
         Whip              |    10 |       |       |       ||    10
         Punch             |       |       |     3 |     3 ||     6
         Tailslap          |       |       |       |     1 ||     1
  Throw: Throwing net      |       |     1 |     1 |       ||     2
         Javelin           |       |     1 |     7 |    14 ||    22
 Invoke: Heroism           |       |       |       |     2 ||     2
         Finesse           |       |       |       |     2 ||     2
  Evoke: Wand              |       |       |       |     6 ||     6
    Use: Scroll            |       |       |     9 |     1 ||    10
         Potion            |       |       |     4 |     2 ||     6
   Stab: Sleeping          |     6 |     3 |    20 |     7 ||    36
         Distracted        |       |       |     4 |     3 ||     7
         Invisible         |       |       |       |     6 ||     6
 Armour: Leather armour    |    52 |     7 |       |       ||    59
         Ring mail         |       |    25 |   111 |   202 ||   338
         Steam dragon scal |       |       |       |     2 ||     2
  Dodge: Dodged            |    63 |    47 |   120 |   335 ||   565

Table legend: (Time is in decaauts)
 A = Elapsed time spent in this place.
 B = Non-inter-level travel time spent in this place.
 C = Inter-level travel time spent in this place.
 D = Time resting spent in this place.
 E = Time spent auto-exploring this place.
 F = Levels seen in this place.
 G = Mean time per level.
                   A        B        C        D        E       F      G
               +--------+--------+--------+--------+--------+-----+--------+
         Total |  10910 |  10499 |    411 |    544 |   7849 |  15 |  727.3 |
       Dungeon |  10286 |   9886 |    400 |    544 |   7412 |  12 |  857.2 |
        Temple |     26 |     15 |     11 |      0 |      0 |   1 |   26.0 |
  Orcish Mines |      1 |      1 |      0 |      0 |      0 |   1 |    1.0 |
       Ossuary |    596 |    596 |      0 |      0 |    437 |   1 |  596.0 |
               +--------+--------+--------+--------+--------+-----+--------+

Top non-repeatable levels by time:
     D:7: 1406 daAuts
     D:5: 1228 daAuts
     D:9: 1048 daAuts
     D:8: 1027 daAuts
    D:10: 978 daAuts
     D:6: 920 daAuts
    D:11: 825 daAuts
     D:3: 739 daAuts
     D:1: 730 daAuts
     D:4: 687 daAuts
     D:2: 608 daAuts
 Ossuary: 596 daAuts
    D:12: 85 daAuts
  Temple: 26 daAuts
   Orc:1: 1 daAuts
